Map: Oxide LE

Players

milkicow

  • Race: Terran Terran

MarineLorD - Winner!

  • Race: Terran Terran
  • League: Master

Event: DreamHack SC2 Masters 2021 Fall

VOD

Have the link to the VOD?

Description

Time

  • Played on: Aug. 1, 2021, 1:52 p.m.
  • Length: 10:06

All games in this series

Show
View Real Time Build Order
Export as new Build Order

milkicow Terran 

Build Orders:  

Get SALT Encoding   

  12  0:00  SCV  
  13  0:12  SCV  
  14  0:17  Supply Depot  
  14  0:24  SCV  
  15  0:39  SCV  
  15  0:40  Barracks  
  16  0:43  Refinery  
  16  0:51  SCV  
  16  0:52  Refinery  
  17  1:03  SCV  
  18  1:15  SCV  
  19  1:27  Reaper, Orbital Command  
  19  1:28  Supply Depot  
  20  1:45  Factory  
  20  1:55  SCV  
  20  1:59  Reaper  
  22  2:07  SCV  
  23  2:19  SCV  
  24  2:23  Command Center  
  24  2:29  Hellion  
  26  2:33  Barracks Reactor  
  26  2:34  SCV  
  27  2:42  Starport  
  27  2:46  SCV  
  28  2:52  Supply Depot  
  28  2:53  Factory Tech Lab  
  28  2:58  SCV  
  29  3:09  Marine x2  
  31  3:13  Siege Tank  
  31  3:14  SCV  
  35  3:22  Medivac  
  35  3:27  Marine, SCV  
  39  3:34  Marine  
  39  3:35  Orbital Command  
  39  3:39  SCV  
  41  3:45  Cyclone  
  44  3:51  SCV  
  44  3:52  Starport Tech Lab  
  45  3:56  Marine x2  
  45  3:59  Supply Depot  
  45  4:01  SCV  
  48  4:03  Refinery  
  48  4:15  SCV  
  49  4:17  SCV  
  49  4:18  Siege Tank  
  49  4:22  Marine x2  
  53  4:27  SCV  
  53  4:28  Supply Depot  
  53  4:33  Supply Depot  
  53  4:36  SCV  
  52  4:40  SCV  
  52  4:42  Marine x2, Raven  
  57  4:49  SCV  
  57  4:50  Supply Depot  
  58  4:54  SCV  
  58  4:55  Supply Depot  
  59  5:00  Siege Tank  
  59  5:01  SCV  
  63  5:07  SCV  
  63  5:08  Command Center  
  63  5:09  Marine  
  65  5:15  Marine  
  65  5:16  Refinery  
  65  5:19  SCV  
  65  5:20  SCV  
  68  5:27  Raven  
  70  5:31  SCV  
  70  5:32  SCV  
  70  5:33  Marine x2  
  73  5:43  SCV, Siege Tank  
  73  5:44  Barracks x2  
  73  5:45  SCV  
  78  5:56  SCV  
  79  5:58  SCV  
  79  5:59  Marine x2  
  82  6:04  Engineering Bay  
  82  6:06  Engineering Bay  
  82  6:08  SCV  
  82  6:10  SCV  
  84  6:15  Siege Tank  
  84  6:18  Supply Depot  
  87  6:20  SCV  
  87  6:22  SCV, Orbital Command  
  89  6:32  SCV, Terran Infantry Weapons Level 1  
  89  6:33  Terran Infantry Armor Level 1, Barracks Reactor x2  
  89  6:34  SCV  
  89  6:36  Viking  
  88  6:41  Viking  
  88  6:46  SCV  
  85  6:57  Orbital Command  
  85  7:00  SCV  
  85  7:01  SCV, Siege Tank  
  87  7:06  Viking  
  92  7:09  Marine  
  92  7:10  Marine x2, Stimpack  
  92  7:11  Marine, Viking  
  92  7:12  SCV  
  92  7:13  SCV  
  100  7:22  SCV  
  101  7:29  SCV  
  102  7:30  SCV, Supply Depot  
  102  7:31  Marine  
  102  7:36  Viking  
  106  7:41  Viking  
  106  7:43  SCV  
  100  7:48  SCV x2  
  100  7:50  Marine, Siege Tank  
  102  7:51  Barracks  
  102  7:52  Barracks  
  102  7:55  Armory  
  102  7:56  SCV  
  103  8:00  SCV x2  
  103  8:02  Refinery  
  103  8:03  Marine x2  
  103  8:04  Marine x2, Refinery  
  109  8:06  Viking  
  109  8:08  SCV  
  109  8:12  SCV  
  113  8:13  Sensor Tower  
  113  8:14  SCV  
  113  8:16  Viking  
  116  8:20  SCV  
  116  8:22  Supply Depot  
  116  8:23  Marine x4, Supply Depot  
  118  8:28  SCV  
  118  8:31  Siege Tank  
  118  8:32  SCV  
  123  8:37  SCV  
  123  8:39  Barracks Reactor x2  
  124  8:42  Supply Depot  
  124  8:43  Missile Turret  
  124  8:45  Missile Turret  
  124  8:46  Marine  
  124  8:47  Supply Depot  
  126  8:50  Marine x2  
  129  8:57  Marine  
  129  9:01  Command Center  
  128  9:07  Marine x2  
  129  9:13  Marine  
  129  9:16  Siege Tank  
  125  9:24  Marine  
  125  9:25  Marine x4  
  125  9:28  Marine x3  
  125  9:29  Viking x2  
  136  9:31  Marine  
  135  9:39  SCV x2  
  135  9:42  Marine  
  135  9:43  Marine x4  
  142  9:45  Marine  
  142  9:47  Factory  
Show
View Real Time Build Order
Export as new Build Order

MarineLorD Terran - Winner!

Build Orders:  

Get SALT Encoding   

  12  0:00  SCV  
  13  0:12  SCV  
  14  0:16  Supply Depot  
  14  0:24  SCV  
  15  0:38  SCV  
  15  0:39  Barracks  
  16  0:43  Refinery  
  16  0:50  SCV  
  16  0:53  Refinery  
  17  1:02  SCV  
  18  1:14  SCV  
  19  1:25  Reaper  
  19  1:26  Orbital Command  
  19  1:27  Supply Depot  
  20  1:40  Factory  
  20  1:52  SCV  
  21  1:58  Reaper  
  22  2:04  SCV  
  23  2:16  SCV  
  23  2:20  Command Center  
  24  2:25  Hellion  
  24  2:28  SCV  
  27  2:35  Barracks Reactor  
  27  2:39  Starport  
  27  2:41  SCV  
  28  2:49  Factory Tech Lab  
  28  2:50  Supply Depot  
  28  2:53  SCV  
  29  3:05  SCV  
  29  3:11  Marine  
  29  3:12  Marine, Siege Tank  
  35  3:19  SCV  
  36  3:24  Refinery, Medivac  
  38  3:29  Marine  
  38  3:31  Marine  
  40  3:34  Orbital Command  
  40  3:38  SCV  
  41  3:45  Cyclone  
  44  3:50  SCV  
  44  3:54  Marine x2  
  47  3:58  Starport Tech Lab  
  47  4:00  SCV  
  47  4:02  SCV  
  49  4:06  Supply Depot  
  49  4:15  SCV  
  46  4:18  SCV  
  46  4:20  Marine  
  47  4:27  SCV  
  47  4:30  SCV, Raven  
  50  4:38  Siege Tank  
  50  4:39  SCV  
  50  4:40  Marine  
  50  4:41  Marine, Supply Depot  
  50  4:43  SCV  
  57  4:51  SCV  
  58  4:55  SCV  
  59  5:00  Command Center  
  59  5:04  Supply Depot  
  59  5:05  SCV  
  60  5:08  SCV  
  60  5:11  Siege Tank  
  64  5:14  Raven  
  64  5:18  SCV  
  64  5:20  SCV  
  68  5:21  Supply Depot  
  68  5:27  Refinery  
  68  5:30  SCV  
  68  5:33  Supply Depot  
  68  5:34  SCV  
  70  5:36  Marine x2  
  70  5:42  SCV  
  73  5:44  Siege Tank  
  73  5:49  SCV  
  77  5:54  SCV, Barracks x2  
  78  6:01  SCV  
  79  6:06  SCV  
  80  6:13  Marine, SCV  
  80  6:14  Orbital Command, Stimpack  
  80  6:17  Viking x2  
  86  6:18  SCV  
  86  6:25  SCV  
  88  6:31  Marine, SCV  
  89  6:37  SCV, Siege Tank  
  93  6:47  Viking x2  
  93  6:48  SCV, Orbital Command  
  98  6:56  SCV  
  98  7:00  SCV  
  100  7:05  Engineering Bay  
  100  7:06  Engineering Bay  
  100  7:08  SCV  
  101  7:14  SCV  
  103  7:17  Viking x2  
  103  7:20  SCV  
  107  7:23  Siege Tank  
  107  7:27  SCV  
  106  7:32  SCV  
  106  7:37  Orbital Command  
  107  7:39  SCV  
  108  7:44  SCV  
  108  7:47  Terran Infantry Armor Level 1, Viking x2, Terran Infantry Weapons Level 1  
  114  7:51  SCV  
  114  7:53  Barracks Reactor x2  
  114  7:55  Siege Tank  
  114  7:56  Barracks  
  114  7:57  Refinery, Barracks  
  117  7:59  Refinery  
  117  8:02  SCV, Supply Depot  
  118  8:09  Combat Shield  
  118  8:11  SCV  
  118  8:12  SCV  
  119  8:22  Supply Depot  
  119  8:26  Marine  
  120  8:27  Siege Tank  
  120  8:28  SCV  
  120  8:29  SCV  
  120  8:32  Sensor Tower  
  120  8:34  Medivac  
  127  8:35  Medivac, Command Center  
  130  8:42  Marine x3  
  130  8:44  Marine x2  
  130  8:48  Supply Depot, Armory  
  134  8:50  Barracks Reactor x2  
  134  8:51  Supply Depot  
  134  8:58  SCV x3  
  134  8:59  Marine x2  
  139  9:03  Factory  
  139  9:05  Marine x2  
  139  9:09  Marine, Siege Tank  
  145  9:17  Marine x2  
  145  9:21  SCV x2  
  145  9:23  Marine x2  
  149  9:27  Marine x3  
  149  9:29  Marine x2  
  154  9:34  Viking  
  154  9:35  Marine  
  154  9:36  Supply Depot  
  157  9:39  Supply Depot  
  157  9:40  Supply Depot  
  157  9:45  Marine x2  
  157  9:46  Marine x3  

Tags
 
Add a new tag
Caveats
  • Supply blocks, unpowered buildings, or Contaminate may cause inaccurate times.
  • Supply counts are checked every 10 seconds.